 Dungeon Crawl Stone Soup version 0.31-a0-246-g8cbcc1cb85 (webtiles) character file.

Game seed: 1402064236472193945

43 Vomitron the Sneak (level 3, 0/22 HPs)
             Began as a Kobold Brigand on July 12, 2023.
             Succumbed to a goblin's poison
             ... on level 2 of the Dungeon.
             The game lasted 00:01:04 (1320 turns).

Vomitron the Sneak (Kobold Brigand)                 Turns: 1320, Time: 00:01:05

Health: 0/22       AC:  3    Str:  8    XL:     3   Next: 82%
Magic:  3/3        EV: 15    Int: 12    God:
Gold:   69         SH:  0    Dex: 18    Spells: 2/2 levels left

rFire   . . .        j - +2 dagger (venom)
rCold   . . .        (no shield)
rNeg    . . .        b - +0 robe
rPois   .            (no helmet)
rElec   .            c - +0 cloak
rCorr   .            (no gloves)
SInv    .            (no boots)
Will    .....        (no amulet)
Stlth   ++++         (no ring)
HPRegen 0.23/turn    (no ring)
MPRegen 0.08/turn

%: no passive effects
@: lethally poisoned (0 -> -6)
A: small, no large weapons, nightstalker 3
a: no special abilities


You were on level 2 of the Dungeon.
You visited 1 branch of the dungeon, and saw 2 of its levels.

You collected 69 gold pieces.

Inventory:

Hand Weapons
 a - a +2 dagger
 j - a +2 dagger of venom (weapon)
Missiles
 d - 9 poisoned darts (quivered)
 e - 3 curare-tipped darts
Armour
 b - a +0 robe (worn)
 c - a +0 cloak (worn)
Jewellery
 g - a +5 ring of evasion
Scrolls
 i - 2 scrolls of immolation {unknown}
Potions
 h - a potion of ambrosia {unknown}
 k - a potion of heal wounds {unknown}


   Skills:
 + Level 2.7 Fighting
 * Level 3.8 Short Blades
 - Level 2.1 Throwing
 + Level 2.0 Dodging
 + Level 5.7 Stealth


You had 2 spell levels left.
You didn't know any spells.
Your spell library was empty.

Dungeon Overview and Level Annotations

Branches:
Dungeon (2/15)

Altars:


Innate Abilities, Weirdness & Mutations

You are small and have problems with some larger weapons.
You are completely attuned to the shadows.


Message History

The goblin no longer looks unusually strong.
The hobgoblin barely misses you.
You hit the hobgoblin.
The hobgoblin is poisoned.
The hobgoblin is almost dead.
The hobgoblin hits you.
Unknown command.
You hit the hobgoblin.
You kill the hobgoblin!
The goblin no longer looks unusually strong.
The goblin no longer looks unusually strong.
The goblin hits you with a +1 dagger of venom.
You are lethally poisoned!
Items here: ) [[ ††.
You closely miss the goblin.
You feel very sick.
The goblin no longer looks unusually strong.
The goblin hits you with a +1 dagger of venom.
You are more poisoned.
The goblin attacks as you move away! The goblin closely misses you.
* * * LOW HITPOINT WARNING * * *
You feel very sick.
The goblin no longer looks unusually strong.
* * * LOW HITPOINT WARNING * * *
You feel very sick.
There is an open door here.
It was a potion of curing.
You feel better.
The goblin hits you with a +1 dagger of venom.
* * * LOW HITPOINT WARNING * * *
You barely miss the goblin.
The goblin hits you with a +1 dagger of venom.
* * * LOW HITPOINT WARNING * * *
You are lethally poisoned!
Unknown command.
You hit the goblin.
You kill the goblin!
* * * LOW HITPOINT WARNING * * *
You feel sick.
The goblin no longer looks unusually strong.
It was a potion of magic.
Magic courses through your body.
You die...

#.#.#.### #.....##
#.#.#...# #...>...##
##.......###.........####.
...........+......<..'....
#####...####.........####.
##..# #.......## ##.#
#.....## #.# ##...## #.#
##@## #.# #g# #.# #)# #g#


ggg .g... ##...## You could see 5 goblins.

Vanquished Creatures
  Robin (D:2)
  A dart slug (D:1)
  4 ball pythons
  2 bats
  An endoplasm (D:2)
  3 goblins
  3 hobgoblins
  3 kobolds
  2 quokkas
  2 frilled lizards (D:1)
  7 rats
29 creatures vanquished.

Notes
Turn   | Place    | Note
-------+----------+-------------------------------------------
     0 | D:1      | Vomitron the Kobold Brigand began the quest for the Orb.
     0 | D:1      | Reached XP level 1. HP: 12/12 MP: 1/1
   248 | D:1      | Reached XP level 2. HP: 16/18 MP: 2/2
   931 | D:2      | Reached XP level 3. HP: 22/22 MP: 3/3
  1295 | D:2      | Noticed Robin
  1309 | D:2      | Killed Robin
  1316 | D:2      | HP: 1/22 [poisoned by a goblin]
  1320 | D:2      | Succumbed to a goblin's poison

Illustrated notes

Levels and vault maps discovered:
D:1:      scummos_arrival_forest, layout_basic
D:2:      layout_loops_corners, uniq_robin, uniq_natasha

Skill      XL: |  1  2  3 |
---------------+----------+-----
Short Blades   | 3 |  3.8
Dodging        | 2 |  2.0
Fighting       | |  2.7
Throwing       | |  2.1
Stealth        | |  5.7

Action                     || total
---------------------------++-------
  Melee: Dagger            ||    77
    Use: Potion            ||     2
   Stab: Sleeping          ||    13
 Armour: Robe              ||    12
  Dodge: Dodged            ||    30

Table legend: (Time is in decaauts)
 A = Elapsed time spent in this place.
 B = Non-inter-level travel time spent in this place.
 C = Inter-level travel time spent in this place.
 D = Time resting spent in this place.
 E = Time spent auto-exploring this place.
 F = Levels seen in this place.
 G = Mean time per level.
                   A        B        C        D        E       F      G
               +--------+--------+--------+--------+--------+-----+--------+
         Total |   1306 |   1275 |     31 |      0 |   1117 |   2 |  653.0 |
       Dungeon |   1306 |   1275 |     31 |      0 |   1117 |   2 |  653.0 |
               +--------+--------+--------+--------+--------+-----+--------+

Top non-repeatable levels by time:
     D:1: 874 daAuts
     D:2: 432 daAuts
